AoeStats
← Koti

Coastal Forest

510619262Analyzed
3v3 RM · 12h ago on Oct 1, 2026· 33m 20s· 6 players
Game mode
Random Map
Map size
Normal (6 player)
Population
200
Speed
Normal
Resources
Standard
Victory
Conquest
Starting age
Dark Age
Ending age
Imperial Age
RankedLock teamsTeams togetherTeam positionsShared explorationLock speedFull tech treeHidden civsTurbo modeCheats
Victory
Defeat
1443
+19
🇪🇸 Dravidians · Spain
1399
+21
🇪🇸 Malay · Spain
1395
+21
🇫🇷 Burgundians · France
1578
-23
🇹🇷 Sicilians · Türkiye
1566
-22
🇮🇳 Vikings · India
1405
-16
Koti
2:48 Loom
4:44 Double-Bit Axe
10:58 Feudal Age
12:32 Bow Saw
17:52 Wheelbarrow
18:32 Horse Collar
24:08 Heavy Plow
27:25 Castle Age
26:32 Scale Barding Armor
27:27 Forging
27:12 Gold Mining
29:14 Two-Man Saw
28:31 Husbandry
27:52 Cavalier
29:53 Chain Barding Armor
Mystogan
7:27 Loom
9:59 Feudal Age
10:39 Double-Bit Axe
13:58 Fletching
17:15 Horse Collar
24:35 Castle Age
22:46 Padded Archer Armor
24:45 Gold Mining
25:48 Bow Saw
25:12 Crossbowman
25:50 Bodkin Arrow
29:20 Ballistics
35:17 Imperial Age
LonzoWall
5:02 Loom
10:18 Feudal Age
16:05 Castle Age
13:59 Double-Bit Axe
14:25 Horse Collar
15:40 Bloodlines
16:06 Scale Barding Armor
16:36 Forging
21:22 Husbandry
24:01 Fishing Lines
26:57 Wheelbarrow
34:51 Imperial Age
32:27 Squires
31:48 Pikeman
33:05 Scale Mail Armor
33:27 Bow Saw
elgrantato
6:48 Loom
9:26 Feudal Age
9:24 Double-Bit Axe
11:27 Horse Collar
15:21 Scale Barding Armor
17:23 Forging
21:20 Castle Age
20:19 Light Cavalry
21:46 Husbandry
23:12 Bow Saw
26:22 Iron Casting
29:43 Wheelbarrow
29:59 Gold Mining
30:08 Stone Mining
31:01 Heavy Plow
[Kachop]Indi_monsterr
8:30 Loom
10:38 Feudal Age
18:02 Castle Age
15:54 Double-Bit Axe
16:59 Fletching
19:14 Crossbowman
20:12 Bodkin Arrow
20:17 Padded Archer Armor
21:05 Wheelbarrow
25:52 Ballistics
29:45 Leather Archer Armor
32:05 Imperial Age
32:05 Thumb Ring
32:15 Fishing Lines
33:50 Bracer
Caesar_Augusto
6:38 Loom
9:22 Feudal Age
10:13 Double-Bit Axe
12:06 Horse Collar
13:15 Fletching
15:10 Padded Archer Armor
25:40 Castle Age
24:03 Gold Mining
25:42 Crossbowman
26:19 Bodkin Arrow
27:49 Ballistics
28:28 Leather Archer Armor
30:11 Wheelbarrow
Connection lost

Rejoining the realm…

Still unreachable

The connection could not be restored.

Session expired

The server has moved on; the page needs a fresh start.